 Dungeon Crawl Stone Soup version 0.26-a0-54-g15ccc7ae60 (webtiles) character file.

Game seed: 61259876986026314

179292 tilp the Spry (level 17, -2/95 HPs)
             Began as a Spriggan Enchanter on June 6, 2020.
             Was the Champion of Ashenzari.
             Killed by the air
             ... invoked by a wind drake
              (13 damage)
             ... on level 1 of the Shoals on June 7, 2020.
             The game lasted 02:12:25 (47573 turns).

tilp the Spry (Spriggan Enchanter)                 Turns: 47573, Time: 02:12:26

Health: -2/95      AC: 13    Str:  4    XL:     17   Next: 29%
Magic:  7/32       EV: 39    Int: 22    God:    Ashenzari [******]
Gold:   1178       SH: 12    Dex: 18    Spells: 5/36 levels left

rFire    . . .     SeeInvis +   a - +3 dagger (elec) (curse)
rCold    . . .     Gourm    .   J - +0 buckler
rNeg     . . .     Faith    .   g - +2 robe {MR+}
rPois    +         Spirit   .   H - +2 hat
rElec    .         Reflect  +   K - +2 cloak {rPois}
rCorr    .         Harm     .   (gloves unavailable)
MR       +++..     Clarity  +   (boots unavailable)
Stlth    +++++++...             O - amulet of reflection (curse)
HPRegen  0.25/turn              v - +4 ring of protection (curse)
MPRegen  0.23/turn              L - +4 ring of evasion (curse)

@: very quick
A: very small, unfitting armour, see invisible, herbivore, speed 3, slow
metabolism 2
}: 1/15 runes: gossamer
a: Curse Item, Scrying, Transfer Knowledge, Renounce Religion


You were on level 1 of the Shoals.
You worshipped Ashenzari.
Ashenzari was exalted by your worship.
You were not hungry.

You visited 5 branches of the dungeon, and saw 28 of its levels.
You visited 1 bazaar.
You also visited: Gauntlet.

You collected 2621 gold pieces.
You spent 1443 gold pieces at shops.

Inventory:

Hand Weapons
 a - a cursed +3 dagger of electrocution (weapon)
 Q - the +2 lajatang "Xumeclir" {vorpal, rPois MR+ Str+7 Int+4}
   (You took it off a crimson imp on level 10 of the Dungeon)

   It inflicts extra damage upon your enemies.
   It affects your strength (+7).
   It affects your intelligence (+4).
   It protects you from poison.
   It affects your resistance to hostile enchantments.
 S - a +4 scimitar of electrocution
Missiles
 b - 4 boomerangs
 n - 64 poisoned darts (quivered)
 u - 12 atropa-tipped darts
Armour
 g - a +2 robe of magic resistance (worn)
 z - a +0 robe of fire resistance
 G - +0 acid dragon scales
 H - a +2 hat (worn)
 J - a +0 buckler (worn)
 K - a +2 cloak of poison resistance (worn)
Magical Staves
 k - an uncursed staff of conjuration
Jewellery
 v - a cursed +4 ring of protection (left hand)
 L - a cursed +4 ring of evasion (right hand)
 O - a cursed amulet of reflection (around neck)
Wands
 o - a wand of acid (8)
 w - a wand of flame (33)
 I - a wand of polymorph (31)
 N - a wand of iceblast (3)
 R - a wand of digging (6)
 T - a wand of disintegration (24)
 V - a wand of clouds (4)
Scrolls
 e - 7 scrolls of fear
 h - 11 scrolls of teleportation
 i - 7 scrolls of remove curse
 l - 5 scrolls of enchant weapon
 p - 3 scrolls of fog
 q - a scroll of amnesia
 s - 5 scrolls of identify
 y - a scroll of magic mapping
 D - 2 scrolls of blinking
 W - a scroll of summoning
Potions
 d - 5 potions of brilliance
 j - 3 potions of haste
 m - 4 potions of stabbing
 r - 10 potions of curing
 t - 4 potions of cancellation
 x - 3 potions of resistance
 A - 4 potions of ambrosia
 B - 3 potions of invisibility
 C - a potion of magic
 F - 5 potions of flight
 M - 3 potions of mutation
 X - a potion of heal wounds
Miscellaneous
 f - a phial of floods
 E - a lightning rod (4/4)
 P - a tin of tremorstones (3/3)
 U - a phantom mirror
Comestibles
 c - 31 rations


   Skills:
 + Level 13.5 Fighting
 - Level 10.0(14.2) Short Blades
 - Level 5.0 Armour
 - Level 20.0 Dodging
 - Level 18.0 Stealth
 - Level 4.0 Shields
 - Level 10.0 Spellcasting
 - Level 5.5(10.0) Conjurations
 - Level 12.3(16.4) Hexes
 - Level 7.5(12.0) Evocations


You had 5 spell levels left.
You knew the following spells:

 Your Spells              Type           Power        Failure   Level  Hunger
a - Dazzling Flash        Conj/Hex       ######       1%          3    None
b - Ensorcelled Hibernat  Hex/Ice        #####.       1%          2    None
c - Confusing Touch       Hex            ######..     1%          3    None
d - Tukima's Dance        Hex            ######..     1%          3    None
e - Blink                 Tloc           N/A          9%          2    None
f - Conjure Flame         Conj/Fire      ####....     2%          3    None
g - Mephitic Cloud        Conj/Pois/Air  ####....     4%          3    None
h - Apportation           Tloc           ##....       5%          1    None
i - Ozocubu's Armour      Chrm/Ice       ##......     17%         3    None
j - Iskenderun's Mystic   Conj/Tloc      ####....     9%          4    ##.....
k - Sticky Flame          Conj/Fire      ####....     9%          4    ##.....

Your spell library contained the following spells:

 Spells                   Type           Power        Failure   Level  Hunger
 Corona                   Hex            ######.      0%          1    None
 Slow                     Hex            ######..     0%          2    None
 Foxfire                  Conj/Fire      ####         1%          1    None
 Magic Dart               Conj           ####         1%          1    None
 Inner Flame              Hex/Fire       #####...     1%          3    None
 Spectral Weapon          Hex/Chrm       #####...     1%          3    None
 Beastly Appendage        Tmut           ##....       5%          1    None
 Infusion                 Chrm           ##..         5%          1    None
 Sting                    Tmut/Pois      ##..         5%          1    None
 Metabolic Englaciation   Hex/Ice        #####.....   6%          5    ####...
 Yara's Violent Unravell  Hex/Tmut       #####.....   6%          5    ####...
 Call Imp                 Summ           ##......     9%          2    None
 Shroud of Golubria       Chrm/Tloc      ##....       9%          2    None
 Song of Slaying          Chrm           ##......     9%          2    None
 Sticks to Snakes         Tmut           ##......     9%          2    None
 Gell's Gravitas          Tloc           ##........   17%         3    None
 Spider Form              Tmut/Pois      ##........   17%         3    None
 Teleport Other           Tloc           ##......     17%         3    None
 Fireball                 Conj/Fire      ####......   22%         5    ####...
 Ice Form                 Ice/Tmut       ##......     50%         4    ##.....
 Petrify                  Tmut/Erth      ##......     50%         4    ##.....
 Blade Hands              Tmut           ##........   83%         5    ####...
 Controlled Blink         Tloc           N/A          100%        8    #######
 Ignition                 Fire           ##........   100%        8    #######


Dungeon Overview and Level Annotations

Branches:
Dungeon (15/15)            Temple (0/1) D:4            Lair (6/6) D:8
 Shoals (1/4) Lair:4       Spider (4/4) Lair:2        Slime (0/5) Lair:6
    Orc (2/2) D:12            Elf (0/3) Orc:2        Vaults (0/5) D:14
 Depths (0/5) D:15        Gauntlet (visited)

Altars:
Ashenzari
Cheibriados
Dithmenos
Fedhas
Hepliaklqana
Kikubaaqudgha
Nemelex Xobeh
Okawaru
Ru
Trog
Uskayaw
Wu Jian
Xom
Yredelemnul
The Shining One

Shops:
D:9 :   Orc:1 !   Orc:2 =%*(?*[[

Annotations:
D:2 Terence
D:6 exclusion: 2 slaves, Pikel
Lair:5 1 runed translucent door, Ezab's ghost, journeyman MiFi
Lair:6 1 runed translucent door (fire dragon)
Spider:2 Arachne


Innate Abilities, Weirdness & Mutations

You are very small and have problems with some larger weapons.
You are too small for most types of armour.
You have supernaturally acute eyesight. (SInv)
You are a herbivore.
You cover ground extremely quickly.
You need to consume almost no food.


Message History

Okay, then.
A merfolk siren comes into view. It is wielding a +0 spear.
The merfolk siren chants a haunting song.
You are unaffected.
The merfolk aquamancer casts a spell at you.
The torrent of water reflects off an invisible shield around you!
The torrent of water hits the merfolk aquamancer!!
You kill the merfolk aquamancer!
You hear a splash. x2
The wave splashes down.
You hear a shout!
You hear an angry hiss.
You hear a shout!
You hear a bleat!
A wind drake comes into view.
A merfolk avatar comes into view.
A snapping turtle comes into view.
The wind drake flaps its wings at you. The air twists around and strikes you!
* * * LOW HITPOINT WARNING * * *
The wind drake flaps its wings at you. The air twists around and strikes you!
You die...

≈≈,,..#..≈≈≈≈≈≈≈≈≈≈≈≈≈,,,≈≈≈≈
≈ ≈≈.≈(.≈≈≈≈≈≈≈≈≈≈≈≈≈≈≈ ≈≈≈ ,
, .....≈≈≈≈≈≈≈≈≈≈≈≈≈≈ ≈ ≈≈ ≈,
,,...$≈≈≈≈≈≈≈≈≈≈≈≈≈≈≈ ≈ ≈ ≈
** .≈..t≈≈≈≈≈k≈≈≈≈≈≈≈≈≈ ≈ ≈ ,
≈≈.$.≈≈≈≈≈≈≈<≈≈≈≈≈≈≈≈≈ ≈ ≈
.≈≈≈≈≈≈≈≈≈≈.≈≈≈≈≈≈≈≈ ≈ ≈ ≈
,≈P.≈≈≈≈≈≈†≈....≈≈≈≈≈≈≈ ≈ ≈≈
,, PP≈≈≈≈≈≈≈..@...≈≈≈≈≈ ≈ ≈
≈≈ ≈ ≈
P≈≈≈≈≈≈≈≈.......≈≈≈≈≈≈≈ ≈
≈≈≈≈≈≈≈≈≈≈........≈≈≈≈≈≈ ≈
≈≈≈P≈≈≈≈≈.........≈PP ≈ ≈≈≈ ,
######............≈≈ ≈≈
≈#|..)#...♣..m....... ≈≈≈≈≈≈
≈≈ #..†.#...k.........≈ ≈ ≈ ≈
, ≈#....#.♣≈8.♣.....m.≈ ≈ ≈ ≈
#....#.k≈≈.......k.≈≈≈ ≈ ≈≈


You could see a merfolk avatar, a snapping turtle (wandering), 2 wind drakes and
a merfolk siren.

Vanquished Creatures
  Jorgrun (D:14)
  Donald (Spider:3)
  An orc warlord (Orc:2)
  Louise (Spider:1)
  3 ghost moths
  Aizul (Lair:2)
  5 emperor scorpions
  5 entropy weavers
  Nessos (D:13)
  2 spark wasps (Spider:4)
  An ettin (Orc:2)
  A merfolk impaler (Shoals:1)
  Josephine (D:14)
  A yaktaur captain (D:15)
  An ogre mage (D:15)
  4 vault guards (D:14)
  4 hydras
  Erolcha (Orc:1)
  A rakshasa (D:15)
  A catoblepas (Lair:6)
  An alligator snapping turtle (Shoals:1)
  8 two-headed ogres
  2 centaur warriors
  An ice dragon (D:12)
  A death knight (D:12)
  Erica (D:8)
  2 merfolk aquamancers (Shoals:1)
  9 death yaks
  A queen ant (Spider:4)
  A tengu warrior (D:14)
  4 orc high priests (Orc:2)
  4 sea snakes (Shoals:1)
  2 unseen horrors
  5 lindwurms (Lair:6)
  A phantasmal warrior (D:12)
  An orc knight (D:15)
  A deep elf mage (D:12)
  25 wolf spiders
  22 orb spiders
  3 orc sorcerers
  5 manticores
  4 cyclopes
  2 moths of wrath
  10 ugly things
  Maurice (D:10)
  2 elephants (Lair:6)
  7 torpor snails
  A black mamba (shapeshifter) (D:13)
  2 black mambas
  A torpor snail (shapeshifter) (D:13)
  Psyche (D:10)
  9 spiny frogs
  7 komodo dragons
  3 yaktaurs (D:15)
  3 rime drakes
  2 freezing wraiths (D:12)
  20 demonic crawlers
  A tengu conjurer (D:14)
  2 queen bees
  27 jumping spiders
  4 polar bears
  3 tyrant leeches (Lair:6)
  16 hornets
  3 meliai
  6 trolls
  9 blink frogs
  12 hippogriffs
  A snapping turtle (Shoals:1)
  2 dream sheep (Lair:6)
  10 slime creatures
  A shadow (D:12)
  25 tarantellas
  66 redbacks
  8 wraiths
  4 wyverns
  25 yaks
  5 basilisks
  2 hungry ghosts
  2 vampire mosquitoes (D:15)
  20 soldier ants
  3 wargs (Orc:2)
  2 acid dragons
  Duvessa (D:6)
  A porcupine (Lair:1)
  12 water moccasins
  A hornet zombie (D:7)
  An ice beast (D:15)
  25 orc warriors
  3 sky beasts
  3 black bears
  4 phantoms
  A necrophage (D:8)
  3 eyes of draining
  11 ogres
  20 wolves
  11 centaurs
  9 crocodiles
  15 bullfrogs
  2 wyvern zombies (D:14)
  A water moccasin zombie (D:7)
  A hornet simulacrum (D:14)
  A water moccasin skeleton (D:9)
  Dowan (D:6)
  A scorpion (D:8)
  31 killer bees
  5 wights (D:12)
  7 electric eels
  7 howler monkeys
  16 crimson imps
  3 centaur zombies
  A bullfrog zombie (D:6)
  A quasit (D:9)
  26 orc priests
  12 centaur skeletons
  11 hounds
  Crazy Yiuf (D:5)
  A jelly (D:6)
  4 iguanas
  33 orc wizards
  3 hell rats (Lair:5)
  36 worker ants
  3 hound skeletons
  A hound zombie (D:5)
  2 worker ant zombies (D:7)
  4 gnolls (D:3)
  11 adders
  5 river rats (Lair:5)
  2 shadow imps
  An ooze (D:1)
  2 adder skeletons
  2 adder zombies (D:5)
  2 dart slugs
  3 leopard geckos
  86 orcs
  5 giant cockroaches
  3 goblins
  6 hobgoblins
  24 jackals
  9 kobolds
  2 quokkas
  3 bats
  5 frilled lizards
  A jackal zombie (D:5)
  14 rats
993 creatures vanquished.

Vanquished Creatures (others)
  2 orb spiders (Spider:1)
  2 dancing weapons
  A polar bear (D:12)
  A redback (Spider:4)
  A tarantella (Spider:4)
  A yak (Lair:6)
  A centaur (D:14)
  An orc (Orc:2)
  9 fungi
  24 plants
43 creatures vanquished.

Grand Total: 1036 creatures vanquished

Notes
Turn   | Place    | Note
-------+----------+-------------------------------------------
     0 | D:1      | tilp the Spriggan Enchanter began the quest for the Orb.
     0 | D:1      | Reached XP level 1. HP: 9/9 MP: 5/5
   142 | D:1      | You fall into a shaft and drop 1 floor!
   282 | D:1      | You fall into a shaft and drop 1 floor!
   534 | D:2      | Noticed Terence
   553 | D:2      | Reached XP level 2. HP: 13/13 MP: 6/6
   557 | D:2      | Learned a level 2 spell: Ensorcelled Hibernation
   654 | D:1      | Reached skill level 5 in Stealth
  1436 | D:1      | Reached XP level 3. HP: 16/16 MP: 5/8
  1441 | D:1      | Learned a level 3 spell: Confusing Touch
  1745 | D:2      | Found a shimmering altar of Xom.
  1748 | D:2      | Found a shattered altar of Ashenzari.
  1751 | D:2      | Found a basalt altar of Yredelemnul.
  1761 | D:2      | Became a worshipper of Ashenzari the Shackled
  1853 | D:2      | Found a hide-covered altar of Uskayaw.
  1853 | D:2      | Noticed a +0 hand axe
  1853 | D:2      | Noticed a -2 hand axe
  2193 | D:3      | Found a glowing golden altar of the Shining One.
  2365 | D:3      | Reached XP level 4. HP: 21/21 MP: 4/9
  2833 | D:3      | Found a snail-covered altar of Cheibriados.
  4062 | D:3      | Reached XP level 5. HP: 24/24 MP: 3/10
  4163 | D:3      | Learned a level 3 spell: Tukima's Dance
  4693 | D:4      | Reached XP level 6. HP: 28/28 MP: 11/11
  4697 | D:4      | Reached skill level 5 in Short Blades
  4795 | D:4      | Found a staircase to the Ecumenical Temple.
  5464 | D:4      | Found an ornate altar of the Wu Jian Council.
  5770 | D:4      | Found a blossoming altar of Fedhas.
  5841 | D:5      | Entered Level 5 of the Dungeon
  5923 | D:5      | Reached * piety under Ashenzari
  5955 | D:5      | Reached skill level 5 in Spellcasting
  5955 | D:5      | Reached XP level 7. HP: 32/32 MP: 4/15
  6051 | D:5      | Found a runed translucent door.
  6052 | D:5      | Noticed Crazy Yiuf
  6445 | D:5      | Found a sacrificial altar of Ru.
  6475 | D:5      | Reached skill level 5 in Hexes
  6614 | D:5      | Found a shadowy altar of Dithmenos.
  6771 | D:6      | Upgraded the game from 0.26-a0-52-gd53d4cd058 to
                  | 0.26-a0-54-g15ccc7ae60
  6891 | D:6      | Found a hazy altar of Hepliaklqana.
  6910 | D:6      | Noticed Duvessa
  6925 | D:6      | Noticed Dowan
  6927 | D:6      | Reached XP level 8. HP: 36/36 MP: 13/18
  7335 | D:6      | Reached skill level 1 in Fighting
  7456 | D:6      | Reached skill level 4 in Dodging
  7758 | D:6      | Noticed Pikel
  7872 | D:6      | Reached skill level 5 in Dodging
  8567 | D:6      | Killed Dowan
  8640 | D:6      | Killed Duvessa
  8640 | D:6      | Reached skill level 6 in Dodging
  8834 | D:7      | Reached ** piety under Ashenzari
  9310 | D:7      | Reached skill level 7 in Dodging
  9580 | D:7      | Reached skill level 8 in Dodging
  9701 | D:7      | Reached XP level 9. HP: 44/44 MP: 19/19
  9802 | D:7      | Found an ancient bone altar of Kikubaaqudgha.
  9802 | D:7      | Found a bloodstained altar of Trog.
  9955 | D:7      | Found a shadowy altar of Dithmenos.
 10255 | D:7      | Learned a level 3 spell: Dazzling Flash
 10334 | D:8      | Noticed a troll
 10621 | D:8      | Reached skill level 10 in Stealth
 10683 | D:8      | Killed a troll
 11171 | D:8      | Noticed Erica
 11199 | D:8      | Killed Erica
 11199 | D:8      | Reached XP level 10. HP: 31/49 MP: 10/20
 11486 | D:8      | Found a staircase to the Lair.
 11617 | D:8      | Found a sparkling altar of Nemelex Xobeh.
 11816 | D:8      | Reached skill level 1 in Evocations
 11877 | D:9      | Noticed a two-headed ogre
 12314 | D:9      | Found Xinemefi's Book Boutique.
 12320 | D:9      | Bought a book of Minor Magic for 320 gold pieces
 12323 | D:9      | Learned a level 2 spell: Blink
 12327 | D:9      | Learned a level 3 spell: Conjure Flame
 12331 | D:9      | Learned a level 3 spell: Mephitic Cloud
 12559 | D:9      | Killed a two-headed ogre
 13185 | D:5      | Killed Crazy Yiuf
 13584 | D:8      | Reached skill level 9 in Dodging
 13892 | D:10     | Entered Level 10 of the Dungeon
 13955 | D:10     | Noticed an unseen horror
 13962 | D:10     | Killed an unseen horror
 14331 | D:10     | Reached XP level 11. HP: 53/53 MP: 18/22
 14428 | D:10     | Noticed Maurice
 14432 | D:10     | Killed Maurice
 14488 | D:10     | Reached *** piety under Ashenzari
 14490 | D:10     | Noticed Psyche
 14498 | D:10     | Killed Psyche
 14942 | D:10     | Identified the +2 lajatang "Xumeclir" {vorpal, rPois MR+
                  | Str+7 Int+4}
 15231 | D:11     | Reached skill level 10 in Dodging
 15757 | D:11     | Reached skill level 5 in Fighting
 16200 | Lair:1   | Entered Level 1 of the Lair of Beasts
 16412 | Lair:1   | Reached skill level 10 in Short Blades
 16498 | D:8      | Reached skill level 11 in Dodging
 17235 | Lair:2   | Found a hole to the Spider Nest.
 17276 | Lair:2   | Reached **** piety under Ashenzari
 17391 | Lair:2   | Reached XP level 12. HP: 61/61 MP: 20/25
 17697 | Lair:2   | Reached skill level 15 in Stealth
 17728 | Lair:2   | Reached skill level 12 in Dodging
 18176 | Lair:3   | Reached skill level 13 in Dodging
 18754 | Lair:4   | Found a staircase to the Shoals.
 18852 | Lair:4   | Noticed an eight-headed hydra
 18991 | Lair:4   | Reached skill level 14 in Dodging
 19452 | Lair:4   | Killed an eight-headed hydra
 19550 | Lair:4   | Reached skill level 15 in Dodging
 19699 | Lair:5   | Reached ***** piety under Ashenzari
 19723 | Lair:5   | Found a runed translucent door.
 19723 | Lair:5   | Found a shimmering altar of Xom.
 19723 | Lair:5   | Noticed Ezab's ghost (journeyman MiFi)
 19725 | Lair:5   | Identified the +5 glaive "Venyskust" {chaos, rF++ Dex+2}
 19779 | Lair:5   | Reached skill level 1 in Conjurations
 19935 | Lair:5   | Noticed a death yak
 20075 | Lair:5   | Reached skill level 5 in Evocations
 20232 | Lair:5   | Noticed a death yak
 20235 | Lair:5   | Noticed a death yak
 20235 | Lair:5   | Noticed a death yak
 20235 | Lair:5   | Noticed a death yak
 20270 | Lair:5   | Killed a death yak
 20278 | Lair:5   | Killed a death yak
 20529 | Lair:5   | Noticed a death yak
 20550 | Lair:4   | Killed a death yak
 20665 | Lair:5   | Killed a death yak
 21381 | Lair:4   | Killed a death yak
 21381 | Lair:4   | Reached XP level 13. HP: 52/67 MP: 18/26
 21731 | Lair:6   | Entered Level 6 of the Lair of Beasts
 21876 | Lair:6   | Found a staircase to the Slime Pits.
 24556 | Lair:6   | Found a runed translucent door.
 24557 | Lair:6   | Noticed a fire dragon
 24933 | Lair:6   | Reached skill level 10 in Fighting
 25352 | D:12     | Found a gate leading to a gauntlet.
 25353 | D:12     | Found a flickering gateway to a bazaar.
 25365 | Bazaar   | Entered a bazaar
 25365 | Bazaar   | Found Gaimookhe's Gadget Shoppe.
 25376 | Bazaar   | Found Jynan's Antique Armour Shoppe.
 25384 | Bazaar   | Bought a glowing robe for 44 gold pieces
 25384 | Bazaar   | Bought a glowing robe for 44 gold pieces
 25384 | Bazaar   | Found Ukhyn's Antique Weapon Shoppe.
 25387 | Bazaar   | Found Coklim's Antique Weapon Shop.
 25425 | Bazaar   | Found Biuvyxe's Assorted Antiques.
 25433 | Bazaar   | Bought a steel ring for 125 gold pieces
 25433 | Bazaar   | Bought a potion of cancellation for 200 gold pieces
 25433 | Bazaar   | Bought a scroll of identify for 50 gold pieces
 25433 | Bazaar   | Bought an encrusted bone wand for 100 gold pieces
 25503 | Gauntlet | Entered a Gauntlet
 25503 | Gauntlet | Found a transporter.
 25503 | Gauntlet | Found a transporter.
 25503 | Gauntlet | Identified the amulet of Roagip {Inacc +Inv rC+ MR- Str+4}
 25521 | Gauntlet | Found a transporter.
 25523 | Gauntlet | Found a transporter.
 25533 | Gauntlet | Found a transporter.
 25534 | Gauntlet | Identified the amulet "Soph" {Acrobat Str+5}
 25563 | Gauntlet | Found a transporter.
 25569 | Gauntlet | Found a transporter.
 25578 | Gauntlet | Found a transporter.
 25580 | Gauntlet | Found a large runed translucent door.
 25581 | Gauntlet | Found a large runed translucent door.
 25582 | Gauntlet | Found a large runed translucent door.
 25582 | Gauntlet | Found a large runed translucent door.
 25583 | Gauntlet | Found a runed translucent gate.
 25584 | Gauntlet | Found a transporter.
 25584 | Gauntlet | Found a runed translucent gate.
 25585 | Gauntlet | Found a runed translucent gate.
 25586 | Gauntlet | Found a large runed translucent door.
 25586 | Gauntlet | Found a large runed translucent door.
 25587 | Gauntlet | Found a large runed translucent door.
 25588 | Gauntlet | Found a large runed translucent door.
 25597 | Gauntlet | Found a large runed translucent door.
 25597 | Gauntlet | Found a large runed translucent door.
 25597 | Gauntlet | Found a runed translucent door.
 25597 | Gauntlet | Found a runed translucent door.
 25598 | Gauntlet | Found a large runed translucent door.
 25599 | Gauntlet | Found a large runed translucent door.
 25601 | Gauntlet | Found a transporter.
 25606 | Gauntlet | Found a transporter.
 25629 | Gauntlet | Found a transporter.
 25669 | Gauntlet | Found a large runed translucent door.
 25670 | Gauntlet | Found a large runed translucent door.
 25671 | Gauntlet | Found a large runed translucent door.
 25671 | Gauntlet | Found a large runed translucent door.
 25762 | D:12     | Identified the Incunabulum of Flamy Execration
 25802 | D:12     | Found a staircase to the Orcish Mines.
 25832 | D:12     | Identified the Reference Book on Dislocated Moulding
 25840 | D:12     | Learned a level 1 spell: Apportation
 26090 | D:12     | Reached XP level 14. HP: 77/77 MP: 27/27
 26789 | Orc:1    | Entered Level 1 of the Orcish Mines
 26844 | Orc:1    | Found Catt's Distillery.
 27012 | Orc:2    | Entered Level 2 of the Orcish Mines
 27142 | Orc:2    | Reached skill level 10 in Hexes
 27377 | Orc:1    | Noticed Erolcha
 27388 | Orc:1    | Killed Erolcha
 27548 | Orc:2    | Noticed an orc warlord
 27691 | Orc:2    | Killed an orc warlord
 28088 | Orc:2    | Reached ****** piety under Ashenzari
 28370 | Orc:2    | Found Oqonuf's Jewellery Boutique.
 28387 | Orc:2    | Found Gare's Food Boutique.
 28448 | Orc:2    | Found Askotuit's Antique Weapon Shop.
 28495 | Orc:2    | Found Pakicopn's General Store.
 29040 | Orc:2    | Found Fock's Armour Emporium.
 29040 | Orc:2    | Found Yrimm's Antique Armour Emporium.
 29069 | Orc:2    | Found Xoorazi's Assorted Antiques.
 29072 | Orc:2    | Found Duyd's Magic Scroll Shoppe.
 29078 | Orc:2    | Bought a scroll of random uselessness for 17 gold pieces
 29078 | Orc:2    | Bought a scroll of identify for 34 gold pieces
 29078 | Orc:2    | Bought a scroll of identify for 34 gold pieces
 29081 | Orc:2    | Bought a scroll of identify for 50 gold pieces
 29082 | Orc:2    | Bought a distressingly furry robe for 171 gold pieces
 29082 | Orc:2    | Identified the +2 robe "Ykivirch" {Str+4} (You bought it in
                  | a shop on level 2 of the Orcish Mines)
 29091 | Orc:2    | Bought a scroll of teleportation for 51 gold pieces
 29091 | Orc:2    | Bought a scroll of blinking for 127 gold pieces
 29091 | Orc:2    | Bought a scroll of teleportation for 51 gold pieces
 29591 | Orc:2    | Found a staircase to the Elven Halls.
 29635 | Orc:2    | Bought a scroll labeled JOWINW DIKHLO for 25 gold pieces
 29779 | D:13     | Reached skill level 5 in Conjurations
 30468 | D:13     | Noticed Nessos
 30702 | D:13     | Killed Nessos
 30836 | D:13     | Learned a level 3 spell: Ozocubu's Armour
 31056 | D:13     | Reached skill level 1 in Armour
 31796 | D:14     | Found a gate to the Vaults.
 32014 | D:14     | Noticed Jorgrun
 32020 | D:14     | Killed Jorgrun
 32099 | D:14     | Reached XP level 15. HP: 81/81 MP: 21/28
 32786 | D:14     | Reached skill level 16 in Dodging
 32868 | D:14     | Noticed Josephine
 32917 | D:14     | Killed Josephine
 33389 | D:15     | Entered Level 15 of the Dungeon
 33542 | D:15     | Reached skill level 1 in Shields
 33631 | D:15     | Found an iron altar of Okawaru.
 34872 | D:15     | Found a staircase to the Depths.
 35120 | Spider:1 | Entered Level 1 of the Spider Nest
 35120 | Spider:1 | Noticed Louise
 35124 | Spider:1 | Killed Louise
 36788 | Spider:1 | Noticed Aizul
 36950 | Lair:2   | Reached skill level 17 in Dodging
 37024 | Lair:2   | Reached skill level 5 in Armour
 37474 | Lair:2   | Killed Aizul
 38371 | Spider:2 | Reached XP level 16. HP: 86/88 MP: 24/29
 38801 | Spider:2 | Identified the +6 short sword "Ecaatism" {vorpal, Dex+4}
 38998 | Spider:2 | Noticed Arachne
 39121 | Spider:3 | Reached skill level 18 in Dodging
 39904 | Spider:3 | Noticed Donald
 39986 | Spider:3 | Killed Donald
 41245 | Spider:3 | Reached skill level 19 in Dodging
 42128 | Spider:4 | Entered Level 4 of the Spider Nest
 43241 | Spider:4 | Reached skill level 20 in Dodging
 44505 | Spider:4 | Reached skill level 10 in Spellcasting
 45626 | Spider:4 | Reached XP level 17. HP: 52/94 MP: 2/32
 47191 | Spider:4 | Got a gossamer rune of Zot
 47198 | Spider:4 | Learned a level 4 spell: Iskenderun's Mystic Blast
 47203 | Spider:4 | Learned a level 4 spell: Sticky Flame
 47424 | Shoals:1 | Entered Level 1 of the Shoals
 47573 | Shoals:1 | Killed from afar by a wind drake

Illustrated notes

Levels and vault maps discovered:
D:1:      roderic_octagonal_star, layout_basic
D:2:      layout_basic, dancing_weapons_uskayaw, grunt_temple_overflow_diamond,
          grunt_ministairs_14, minmay_misc_feat_encased, minmay_distorted,
          uniq_terence
D:3:      layout_basic, kennysheep_slug_shrine, nicolae_tso_swordbearing_angel
D:4:      layout_loops_cross, lemuel_round_altar, kennysheep_mini,
          minmay_temple_entry_hall, first_ration
D:5:      layout_loops_ring, lemuel_coloured_pillars_altar,
          minmay_misc_feat_nine_boxes, grunt_ministairs_1,
          grunt_dithmenos_shadows, uniq_crazy_yiuf_cottage
D:6:      layout_layer_cave, lemuel_crystal_altar, uniq_pikel, uniq_duvessa
D:7:      layout_basic, nicolae_overflow_hidden_temple,
          chequers_temple_overflow_statue_of_worship
D:8:      layout_rooms, lemuel_doored_altar, erik_lair_island, david_nohive_1,
          uniq_erica
D:9:      layout_roguey, serial_curves, eino_curves_03, eino_curves_01,
          eino_curves_03, serial_shops,
          nicolae_shop_temple_entry_statues_fountains
D:10:     layout_basic, minmay_nine_imps, uniq_maurice, uniq_psyche
D:11:     layout_loops_ring
D:12:     layout_loops_ring, orc_0_dummy, gauntlet_entry_generic, serial_shops,
          bzr_entry_dummy, portal_ice_cave_entry_animals_and_master
D:13:     layout_basic, uniq_nessos
D:14:     layout_layer_cave, lightli_vaults_fourway_checkpoint,
          minmay_stone_trees_small, uniq_josephine, uniq_jorgrun
D:15:     grunt_enter_depths_snipers, layout_loops_ring, minmay_splitting_lines,
          okawaru_ov_weapons_minmay
Lair:1:   layout_long_grid, grunt_megastairs_4
Lair:2:   layout_concentric_octagons, spider_nest_entry_web_field,
          nicolae_lair_grove_arrangements
Lair:3:   layout_loops_ring, beast_lair_carwin_8
Lair:4:   layout_regular_city, shoals_dummy_entry
Lair:5:   layout_small_grid, ebering_ghost_xom, serial_bayou_pond_a,
          st_stairs_12, kennysheep_abandoned_house
Lair:6:   hangedman_lair_in_review, layout_loops_ring, wormcave,
          dpeg_slime_entry_corner, nicolae_quartered_pool_little
Shoals:1: cheibrodos_shoals_epimethial_gifts, layout_shoals, lemuel_oklob_altar
Spider:1: layout_spider_delve, uniq_aizul, uniq_louise
Spider:2: layout_spider_delve, uniq_arachne
Spider:3: layout_chambers, worms_lemuel, uniq_donald
Spider:4: spider_rune_water, special_room [special_room_bee], zaba_anthell,
          nicolae_spider_cling_ruins
Orc:1:    layout_caves, serial_shops, shop_coins, uniq_erolcha
Orc:2:    st_orc_mages, layout_caves, serial_shops, shop, nicolae_shop_stone,
          nicolae_shop_stone, shop, nicolae_orc_rockfall, mines2_lemuel

Skill      XL: |  1  2  3  4  5  6  7  8  9 10 11 12 13 14 15 16 17 |
---------------+----------------------------------------------------+-----
Stealth        | 5 6 7 8 12 14 16 18 | 18.0
Short Blades   | 2 3 4 5 8 9 10 | 10.0
Spellcasting   | 5 6 7 8 10 | 10.0
Hexes          | 4 7 8 9 12 | 12.3
Fighting       | 3 4 6 7 10 11 12 13 | 13.5
Dodging        | 8 9 11 15 17 20 | 20.0
Evocations     | 4 5 6 7 |  7.5
Conjurations   | 2 5 |  5.5
Armour         | 2 5 |  5.0
Shields        | 4 |  4.0

Action                   |  1- 3 |  4- 6 |  7- 9 | 10-12 | 13-15 | 16-18 || total
-------------------------+-------+-------+-------+-------+-------+-------++-------
Melee: Dagger            |    95 |   141 |   447 |   582 |  1028 |   564 ||  2857
Throw: Stone             |       |     1 |       |       |       |       ||     1
       Dart              |       |       |     4 |     1 |    21 |       ||    26
 Cast: Corona            |    10 |       |       |       |       |       ||    10
       Ensorcelled Hiber |    24 |    76 |    91 |   239 |   350 |   280 ||  1060
       Confusing Touch   |       |       |    14 |    28 |    92 |    31 ||   165
       Dazzling Flash    |       |       |       |     3 |     7 |    20 ||    30
       Blink             |       |       |       |       |     1 |       ||     1
       Tukima's Dance    |       |       |       |       |     3 |     5 ||     8
       Sticky Flame      |       |       |       |       |       |     2 ||     2
Invok: Curse Item        |       |       |       |     3 |     1 |       ||     4
Evoke: Wand              |       |       |       |     7 |     6 |     7 ||    20
  Use: Scroll            |     3 |     5 |     5 |     6 |    18 |     2 ||    39
       Potion            |       |       |       |       |       |     2 ||     2
 Stab: Sleeping          |    19 |    41 |    56 |   158 |   226 |   154 ||   654
       Distracted        |       |     1 |     1 |     6 |     3 |     1 ||    12
       Confused          |       |       |    21 |    28 |    83 |    36 ||   168
       Invisible         |       |       |       |     1 |     5 |    26 ||    32
  Eat: Ration            |       |     4 |     3 |     5 |     9 |     5 ||    26
Armor: Robe              |     6 |    24 |    43 |    53 |    95 |    41 ||   262
Dodge: Dodged            |    67 |    77 |   293 |   448 |   906 |   468 ||  2259
Block: Buckler           |       |       |       |       |   194 |   312 ||   506
       Reflection        |       |       |       |       |     2 |     1 ||     3

Table legend:
 A = Non-vault XP
 B = Vault XP
 C = Vault XP percentage of total XP
 D = Non-vault monster count
 E = Vault monster count
 F = Vault count percentage of total count
                 A         B        C        D         E       F
            +---------+---------+-------+---------+---------+-------
      Total |  141555 |   96005 |  40.4 |     697 |     298 |  29.9
            +---------+---------+-------+---------+---------+-------
        D:1 |      35 |       0 |   0.0 |      16 |       0 |   0.0
        D:2 |      23 |      19 |  45.2 |       6 |       5 |  45.5
        D:3 |     131 |       4 |   3.0 |      25 |       1 |   3.8
        D:4 |     481 |       0 |   0.0 |      25 |       0 |   0.0
        D:5 |     382 |     175 |  31.4 |      12 |       4 |  25.0
        D:6 |     959 |     214 |  18.2 |      22 |       2 |   8.3
        D:7 |     812 |     217 |  21.1 |      30 |       3 |   9.1
        D:8 |    2004 |    2675 |  57.2 |      30 |      22 |  42.3
        D:9 |    2006 |       0 |   0.0 |      26 |       0 |   0.0
       D:10 |    2517 |    1346 |  34.8 |      21 |      11 |  34.4
       D:11 |    3561 |       0 |   0.0 |      28 |       0 |   0.0
       D:12 |    5022 |    2243 |  30.9 |      23 |       7 |  23.3
       D:13 |    7438 |    1279 |  14.7 |      37 |       1 |   2.6
       D:14 |    8492 |   12527 |  59.6 |      39 |      17 |  30.4
       D:15 |   16517 |    2502 |  13.2 |      37 |       3 |   7.5
     Lair:1 |    3397 |     470 |  12.2 |      16 |       2 |  11.1
     Lair:2 |   13067 |    1617 |  11.0 |      45 |       1 |   2.2
     Lair:3 |    1354 |     772 |  36.3 |       9 |       7 |  43.8
     Lair:4 |    5190 |       0 |   0.0 |      13 |       0 |   0.0
     Lair:5 |    7162 |    1296 |  15.3 |      22 |      18 |  45.0
     Lair:6 |    5095 |   17017 |  77.0 |      21 |      38 |  64.4
   Shoals:1 |     478 |    6784 |  93.4 |       1 |      10 |  90.9
   Spider:1 |    7182 |    1658 |  18.8 |      21 |       1 |   4.5
   Spider:2 |    9831 |    1064 |   9.8 |      22 |       3 |  12.0
   Spider:3 |   13713 |    7270 |  34.6 |      37 |      19 |  33.9
   Spider:4 |   17803 |   28159 |  61.3 |      52 |      84 |  61.8
      Orc:1 |    1537 |     989 |  39.2 |      10 |       1 |   9.1
      Orc:2 |    5366 |    5708 |  51.5 |      51 |      38 |  42.7
            +---------+---------+-------+---------+---------+-------
